 Dungeon Crawl Stone Soup version 0.31-a0-1027-gfb7600b (webtiles) character file.

Game seed: 2603253323506873696

1590 PurpleRed the Chopper (level 8, -12/49 HPs)
             Began as a Deep Elf Fighter on Nov 18, 2023.
             Was a Follower of Cheibriados.
             Killed from afar by an acid dragon (34 damage)
             ... with a splash of acid
             ... on level 7 of the Dungeon.
             The game lasted 00:12:34 (5945 turns).

PurpleRed the Chopper (Deep Elf Fighter)            Turns: 5945, Time: 00:12:35

Health: -12/49     AC:  2    Str: 17    XL:     8   Next: 61%
Magic:  10/10      EV:  7    Int: 16    God:    Cheibriados [*.....]
Gold:   297        SH: 14    Dex: 16    Spells: 7/7 levels left

rFire   . . .        x - +2 whip (elec)
rCold   . . .        y - +0 tower shield
rNeg    . . .        n - +3 leather armour
rPois   .            (no helmet)
rElec   .            G - scarf {shadows}
rCorr   .            (no gloves)
SInv    .            (no boots)
Will    .....        f - amulet of the acrobat
Stlth   +            (no ring)
HPRegen 0.28/turn    (no ring)
MPRegen 0.12/turn

%: acrobat
@: corroded, very slow
A: no striking features
a: Renounce Religion, Bend Time


You were on level 7 of the Dungeon.
You worshipped Cheibriados.
Cheibriados was aware of your devotion.
You visited 2 branches of the dungeon, and saw 8 of its levels.

You collected 297 gold pieces.

Inventory:

Hand Weapons
 a - a +0 war axe
 k - a +2 whip of draining
 m - a +0 battleaxe
 q - a +2 falchion of protection
 x - a +2 whip of electrocution (weapon)
 D - the +3 dagger of Baschee {heavy, rElec Dex+2 Stlth+}
   (You found it on level 5 of the Dungeon)

   Dex+2:     It affects your dexterity (+2).
   rElec:     It insulates you from electricity.
   Stlth+:    It makes you more stealthy.
 E - a +2 halberd of freezing
Missiles
 A - 3 silver javelins
Armour
 b - a +0 scale mail
 c - a +0 buckler
 l - a +0 chain mail
 n - a +3 leather armour (worn)
 t - the +0 robe of Sif Muna's Reproof {Contam +Inv Str+9 Stlth+}
   (You found it on level 2 of the Dungeon)

   Str+9:     It affects your strength (+9).
   +Inv:      It lets you turn invisible.
   Contam:    It causes magical contamination when unequipped.
   Stlth+:    It makes you more stealthy.
 y - a +0 tower shield (worn)
 G - a scarf of shadows (worn)
Jewellery
 f - an amulet of the acrobat (around neck)
 w - a ring of ice
Wands
 p - a wand of flame (27)
 B - a wand of charming (9)
 F - a wand of quicksilver (8)
Scrolls
 i - a scroll of teleportation
 j - 3 scrolls of immolation
 r - 3 scrolls of revelation
 u - a scroll of fear
 v - 2 scrolls of poison
 C - a scroll of blinking
 I - a scroll of enchant armour {unknown}
Potions
 d - a potion of might
 e - 2 potions of haste
 g - 2 potions of mutation
 h - a potion of ambrosia
 o - a potion of lignification
 s - 4 potions of curing {unknown}
 z - a potion of heal wounds {unknown}
 H - a potion of brilliance {unknown}
 J - a potion of attraction {unknown}


   Skills:
 + Level 5.2 Fighting
 * Level 6.8 Axes
 - Level 2.4 Armour
 + Level 4.7 Shields


You had 7 spell levels left.
You didn't know any spells.
Your spell library contained the following spells:

 Spells                   Type           Power      Damage    Failure   Level
 Scorch                   Fire           0%         2d5       99%         2
 Ozocubu's Armour         Ice            0%         N/A       100%        3
 Summon Guardian Golem    Hex/Summ       0%         N/A       100%        3
 Tukima's Dance           Hex            0%         N/A       100%        3
 Volatile Blastmotes      Fire/Tloc      0%         2d10      100%        3
 Dimensional Bullseye     Hex/Tloc       0%         N/A       100%        4
 Flame Wave               Conj/Fire      0%         2d4       100%        4
 Fulminant Prism          Conj/Hex       0%         3d5       100%        4
 Iskenderun's Mystic Bla  Conj/Tloc      0%         2d3       100%        4
 Metabolic Englaciation   Hex/Ice        0%         N/A       100%        5
 Simulacrum               Ice/Necr       0%         N/A       100%        6
 Summon Cactus Giant      Summ           0%         N/A       100%        6
 Orb of Destruction       Conj           0%         9d5       100%        7
 Spellforged Servitor     Conj/Summ      0%         N/A       100%        7


Dungeon Overview and Level Annotations

Branches:
Dungeon (7/15)             Temple (1/1) D:7

Altars:
Ashenzari
Cheibriados
Elyvilon
Fedhas
Gozag
Hepliaklqana
Kikubaaqudgha
Makhleb
Nemelex Xobeh
Qazlal
Ru
Sif Muna
Trog
Uskayaw
Vehumet
Wu Jian
Xom
Yredelemnul
The Shining One

Shops:
D:5 !

Annotations:
D:2 1 runed translucent door, Crazy Yiuf


Message History

Cheibriados appreciates the change of pace.
Things that are here:
a +0 hand axe; a +0 ring mail
J - a fuming black potion You now have 297 gold pieces (gained 10).
You open the door.
Found a stone staircase leading down.
There is an open door here.
Found a leather armour.
There is a stone staircase leading down here.
An acid dragon and a scorpion come into view.
Found a stone staircase leading down.
The acid dragon roars!
You closely miss the acid dragon. You block the acid dragon's attack.
The acid dragon claws you but does no damage.
You completely miss the acid dragon. The acid dragon bites you.
The acid dragon closely misses you.
You hit the acid dragon.
The acid dragon is lightly wounded.
You block the acid dragon's attack. x2
You hit the acid dragon but do no damage.
Lightning courses through the acid dragon!
The acid dragon is severely wounded.
The acid dragon barely misses you.
The acid dragon claws you but does no damage.
The acid dragon bites you. You block the acid dragon's attack.
You hit the acid dragon.
The acid dragon is severely wounded.
The acid dragon bites you but does no damage.
The acid dragon closely misses you.
You hit the acid dragon.
The acid dragon is almost dead.
The acid dragon spits acid at you. The splash of acid hits you!!
The acid corrodes you!
You hit the acid dragon but do no damage.
The acid dragon is almost dead.
The acid dragon spits acid at you. The splash of acid hits you!!
Ouch! That really hurt!
You die...

.....# #....#
..###### #....#
...#...# #...[#
...#...# #....##
..##...# #.....#
..##...######.....#
.......'....>.....#
.......#........@.#
..#######..##+###D#
..# #####.....# ..#
........ ..#
8.D...8.# ..#
..s...... ..#
.........# ..#
...>.....# ..#


You could see an acid dragon (catching breath).

Vanquished Creatures
  Grinder (D:5)
  A shadow (D:7)
  Eustachio (D:4)
  A water moccasin (D:7)
  2 black bears
  Blork the orc (D:6)
  A bullfrog (D:7)
  3 scorpions
  A wight (D:7)
  A howler monkey (D:3)
  2 orc priests (D:7)
  A gnoll bouda (D:5)
  An iguana (D:6)
  Ijyb (D:5)
  An orc wizard (D:7)
  10 adders
  7 gnolls
  2 shadow imps
  A white imp (D:6)
  2 worms
  A dart slug (D:3)
  11 orcs
  6 endoplasms
  2 giant cockroaches
  4 goblins
  7 hobgoblins
  5 jackals
  2 quokkas
  6 ball pythons
  7 bats
  A frilled lizard (D:3)
  10 kobolds
  3 rats
106 creatures vanquished.

Notes
Turn   | Place    | Note
-------+----------+-------------------------------------------
     0 | D:1      | PurpleRed the Deep Elf Fighter began the quest for the Orb.
     0 | D:1      | Reached XP level 1. HP: 13/13 MP: 3/3
   241 | D:1      | Reached skill level 2 in Axes
   264 | D:1      | Reached XP level 2. HP: 18/18 MP: 4/4
   775 | D:2      | Reached XP level 3. HP: 20/22 MP: 5/5
  1046 | D:2      | Found a shimmering altar of Xom.
  1119 | D:2      | Found a faded altar of an unknown god.
  1193 | D:2      | Found a runed translucent door.
  1194 | D:2      | Noticed Crazy Yiuf
  1369 | D:2      | Reached skill level 3 in Axes
  1369 | D:2      | Reached XP level 4. HP: 21/28 MP: 6/6
  1508 | D:2      | Identified the +0 robe of Sif Muna's Reproof {Contam +Inv
                  | Str+9 Stlth+}
  2464 | D:4      | Noticed a black bear
  2483 | D:4      | Killed a black bear
  2484 | D:4      | Reached skill level 4 in Axes
  2484 | D:4      | Reached XP level 5. HP: 24/32 MP: 7/7
  2678 | D:4      | Noticed Eustachio
  2686 | D:4      | Killed Eustachio
  2687 | D:4      | Reached XP level 6. HP: 33/38 MP: 8/8
  3190 | D:5      | Entered Level 5 of the Dungeon
  3192 | D:5      | Noticed Grinder
  3330 | D:5      | Killed Grinder
  3331 | D:5      | Reached skill level 5 in Axes
  3331 | D:5      | Reached XP level 7. HP: 40/43 MP: 9/9
  3440 | D:5      | Noticed Ijyb
  3452 | D:5      | Killed Ijyb
  3672 | D:5      | Identified the +3 dagger of Baschee {heavy, rElec Dex+2
                  | Stlth+}
  3710 | D:5      | Found Tenafem's Distillery.
  4152 | D:5      | Found an opulent altar of Gozag.
  4152 | D:5      | Found a snail-covered altar of Cheibriados.
  4152 | D:5      | Found a white marble altar of Elyvilon.
  4152 | D:5      | Found a hide-covered altar of Uskayaw.
  4322 | D:5      | Became a worshipper of Cheibriados the Contemplative
  4343 | D:6      | Noticed Blork the orc
  4353 | D:6      | Killed Blork the orc
  5517 | D:7      | Reached skill level 6 in Axes
  5517 | D:7      | Reached XP level 8. HP: 43/48 MP: 10/10
  5674 | D:7      | Reached skill level 5 in Fighting
  5730 | D:7      | Reached * piety under Cheibriados
  5806 | D:7      | Found a staircase to the Ecumenical Temple.
  5815 | Temple   | Found a transporter.
  5815 | Temple   | Found a transporter.
  5815 | Temple   | Found a transporter.
  5815 | Temple   | Found a transporter.
  5815 | Temple   | Entered the Ecumenical Temple
  5945 | D:7      | Killed from afar by an acid dragon

Illustrated notes

Levels and vault maps discovered:
D:1:      giann_wishing_wells, layout_loops_ring, serial_bayou_pond_e
D:2:      layout_loops_corners, dreamdust_ecumenical_altar_angels_and_demons,
          basic_altar, uniq_crazy_yiuf_cottage
D:3:      layout_rooms, grunt_ministairs_6
D:4:      layout_loops_ring, uniq_eustachio
D:5:      layout_basic, chequers_temple_overflow_statue_of_worship,
          nicolae_take_the_stairs, nicolae_half_adder, uniq_grinder, uniq_ijyb
D:6:      layout_gridville, chequers_serial_rivers_small_a, uniq_blork_the_orc
D:7:      layout_gridville, minmay_temple_entry_proselytizer,
          grunt_ministairs_8, hangedman_abyss_or_decor_stabs, st_stairs_1,
          minmay_shattered_shrine
Temple:   hellmonk_temple_divided_pantheon

Skill      XL: |  1  2  3  4  5  6  7  8 |
---------------+-------------------------+-----
Axes           | 2 3 4 5 6 |  6.8
Fighting       | 3 4 5 |  5.2
Shields        | 3 4 |  4.7
Armour         | |  2.4

Action                     |  1- 3 |  4- 6 |  7- 9 || total
---------------------------+-------+-------+-------++-------
  Melee: War axe           |    19 |       |       ||    19
         Whip              |    58 |   153 |   181 ||   392
  Evoke: Wand              |       |       |    27 ||    27
    Use: Scroll            |       |    15 |     1 ||    16
         Potion            |       |       |     2 ||     2
   Stab: Distracted        |     1 |       |       ||     1
         Sleeping          |       |     2 |       ||     2
 Armour: Scale mail        |    32 |       |       ||    32
         Leather armour    |    17 |    63 |    93 ||   173
  Dodge: Dodged            |    26 |    61 |    67 ||   154
  Block: Buckler           |    11 |    14 |       ||    25
         Tower shield      |       |    58 |   160 ||   218

Table legend: (Time is in decaauts)
 A = Elapsed time spent in this place.
 B = Non-inter-level travel time spent in this place.
 C = Inter-level travel time spent in this place.
 D = Time resting spent in this place.
 E = Time spent auto-exploring this place.
 F = Levels seen in this place.
 G = Mean time per level.
                   A        B        C        D        E       F      G
               +--------+--------+--------+--------+--------+-----+--------+
         Total |   6324 |   6099 |    225 |    321 |   4399 |   8 |  790.5 |
       Dungeon |   6322 |   6097 |    225 |    321 |   4399 |   7 |  903.1 |
        Temple |      1 |      1 |      0 |      0 |      0 |   1 |    1.0 |
               +--------+--------+--------+--------+--------+-----+--------+

Top non-repeatable levels by time:
     D:6: 1380 daAuts
     D:5: 1074 daAuts
     D:2: 1024 daAuts
     D:4: 889 daAuts
     D:1: 751 daAuts
     D:3: 678 daAuts
     D:7: 524 daAuts
  Temple: 1 daAuts
